 Dungeon Crawl Stone Soup version 0.30-a0-29-g142975f185 (webtiles) character file.

Game seed: 13252296743201785472

1509 kae the Firebug (level 8, -1/63 HPs)
             Began as a Demigod Fire Elementalist on Aug 25, 2022.
             Hit by a stone thrown by a gnoll (3 damage)
             ... led by a gnoll bouda
             ... on level 5 of the Dungeon.
             The game lasted 00:04:21 (5538 turns).

kae the Firebug (Demigod Fire Elementalist)         Turns: 5538, Time: 00:04:22

Health: -1/63      AC:  4    Str:  9    XL:     8   Next: 28%
Magic:  1/16       EV:  7    Int: 25    God:
Gold:   107        SH:  0    Dex: 14    Spells: 5/14 levels left

rFire   . . .      SeeInvis .    i - +1 short sword
rCold   . . .      Faith    .    (no shield)
rNeg    . . .      Spirit   .    a - +0 robe
rPois   +          Reflect  .    (no helmet)
rElec   .          Harm     .    (no cloak)
rCorr   +          Rampage  .    (no gloves)
Will    .....                    g - +1 pair of boots of Kikubaaqudgha's Anger {Contam rPois rCorr}
Stlth   ++........               (no amulet)
HPRegen 0.20/turn                Z - ring of wizardry
MPRegen 0.15/turn                (no ring)

@: held
A: high MP 1, forlorn, divine attributes
a: no special abilities


You were on level 5 of the Dungeon.
You visited 1 branch of the dungeon, and saw 5 of its levels.
You also visited: Sewer.

You collected 107 gold pieces.


Innate Abilities, Weirdness & Mutations

You have an increased reservoir of magic. (+10% MP)
You shall have no god before yourself.
Your divine heritage dramatically boosts your attributes as you level up.


   Skills:
 + Level 3.4 Fighting
 + Level 4.0 Dodging
 - Level 1.7 Stealth
 + Level 3.7 Spellcasting
 * Level 5.2 Conjurations
 * Level 5.8 Fire Magic


You had 5 spell levels left.
You knew the following spells:

 Your Spells              Type           Power      Damage    Failure   Level
a - Foxfire               Conj/Fire      100%       2x1d9     1%          1
b - Scorch                Fire           66%        2d8       1%          2
c - Conjure Flame         Conj/Fire      32%        6-21      1%          3
d - Inner Flame           Hex/Fire       19%        N/A       3%          3

Your spell library contained the following spells:

 Spells                   Type           Power      Damage    Failure   Level
 Magic Dart               Conj           100%       1d8       1%          1
 Searing Ray              Conj           60%        2d6       1%          2
 Flame Wave               Conj/Fire      32%        2d9       4%          4
 Summon Guardian Golem    Hex/Summ       4%         N/A       12%         3
 Fulminant Prism          Conj/Hex       8%         3d7       13%         4
 Orb of Destruction       Conj           15%        9d7       97%         7
 Spellforged Servitor     Conj/Summ      8%         N/A       100%        7

Inventory:

Hand Weapons
 i - a +1 short sword (weapon)
   (You took it off a kobold on level 1 of the Dungeon)
Missiles
 d - 4 boomerangs
 l - 22 stones
 r - 13 poisoned darts
 t - 2 curare-tipped darts {=f}
Armour
 a - a +0 robe (worn)
 g - the +1 pair of boots of Kikubaaqudgha's Anger (worn) {Contam rPois rCorr}
   (You found it on level 2 of the Dungeon)

   rPois:     It protects you from poison.
   Contam:    It causes magical contamination when unequipped.
   rCorr:     It protects you from acid and corrosion.
Jewellery
 Z - a ring of wizardry (left hand)
   (You found it on level 2 of the Dungeon)
Scrolls
 e - 2 scrolls of teleportation {@r4}
 h - a scroll of enchant weapon
 o - a scroll of summoning
 p - 2 scrolls of blinking {!r}
 q - a scroll of fog
 x - a scroll of identify {@r1}
Potions
 b - 2 potions of magic
 c - 2 potions of might {unknown}
 f - 3 potions of curing {@q1}
 j - 2 potions of lignification {!q}
 k - a potion of berserk rage {unknown}
 m - a potion of mutation {unknown}
 n - 4 potions of attraction {!q}
 s - a potion of invisibility
 u - a potion of degeneration {unknown}
 v - 2 potions of haste {unknown}
 w - a potion of heal wounds {@q2}

Dungeon Overview and Level Annotations

Branches:
Dungeon (5/15) Zot: 25160   Sewer (visited)
 Temple: D:4-7

#.....'... #.....#...
##.....###.
######........#.
##.............#. ###
####..####........#.
#...#.......#.........#.
#...#§..#.†.#.......#.
#§@.g)###........#.
#?#§§)#.# #........##
#'.....v #..###+###
#†..##+##)..#.. ....#.
....... ....#. ........
... # .....#... ..
...#.#.... #


You could see a gnoll.


Message History

The gnoll hits you from afar with a +0 spear.
The foxfire hits the gnoll but does no damage. x2
The gnoll hits you with a +2 whip of electrocution.
The gnoll closely misses you. 😕 HP[-4] MP[-1]
You take 4 damage, and now have 56/63 hp.
You lost 1 mp, and now have 8/16 mp.
Unknown command.
Casting: Foxfire (safe; 1% risk of failure)
Confirm with . or Enter, or press ? or * to list all spells.
You conjure some foxfire!
The gnoll hits you with a +2 whip of electrocution!
The gnoll completely misses you.
The foxfire hits the gnoll.
The foxfire hits the gnoll but does no damage.
The gnoll hits you with a +2 whip of electrocution.
The gnoll closely misses you. 😮 HP[-9]
You take 9 damage, and now have 47/63 hp.
Unknown command.
Casting: Foxfire (safe; 1% risk of failure)
Confirm with . or Enter, or press ? or * to list all spells.
You conjure some foxfire!
The gnoll hits you from afar with a +0 spear!
The gnoll hits you with a +2 whip of electrocution.
The foxfire hits the gnoll.
The foxfire hits the gnoll but does no damage.
The gnoll hits you with a +2 whip of electrocution.
* * * LOW HITPOINT WARNING * * *
The gnoll hits you from afar with a +0 spear.
* * * LOW HITPOINT WARNING * * *
😨 HP[-20] MP[-1]
You take 20 damage, and now have 27/63 hp.
MASSIVE DAMAGE!! (PAUSE)
You lost 1 mp, and now have 7/16 mp.
Casting: Foxfire (safe; 1% risk of failure)
Confirm with . or Enter, or press ? or * to list all spells.
You conjure some foxfire!
The gnoll closely misses you. The gnoll hits you but does no damage.
The foxfire hits the gnoll but does no damage. x2
The gnoll hits you with a +2 whip of electrocution.
* * * LOW HITPOINT WARNING * * *
The gnoll hits you from afar with a +0 spear.
* * * LOW HITPOINT WARNING * * *
😨 HP[-4] MP[-1]
You take 4 damage, and now have 23/63 hp.
You lost 1 mp, and now have 6/16 mp.
Unknown command.
Casting: Foxfire (safe; 1% risk of failure)
Confirm with . or Enter, or press ? or * to list all spells.
You conjure some foxfire!
The gnoll hits you with a +2 whip of electrocution.
* * * LOW HITPOINT WARNING * * *
The gnoll hits you from afar with a +0 spear.
* * * LOW HITPOINT WARNING * * *
The foxfire hits the gnoll!
You kill the gnoll!
The foxfire hits the gnoll.
The gnoll throws a stone.
The stone hits you.
* * * LOW HITPOINT WARNING * * *
😱 HP[-14]
You take 14 damage, and now have 9/63 hp.
MASSIVE DAMAGE!! (PAUSE)
Casting: Foxfire (safe; 1% risk of failure)
Confirm with . or Enter, or press ? or * to list all spells.
You conjure some foxfire!
The gnoll hits you from afar with a +0 spear.
* * * LOW HITPOINT WARNING * * *
The foxfire hits the gnoll. x2; The gnoll barely misses you. 😱 HP[-2] MP[-1]
You take 2 damage, and now have 7/63 hp.
You lost 1 mp, and now have 5/16 mp.
Casting: Foxfire (safe; 1% risk of failure)
Confirm with . or Enter, or press ? or * to list all spells.
Flames lash the gnoll.
The gnoll's fire resistance burns away.
The gnoll drinks a potion.
The gnoll is healed!
The gnoll barely misses you. 😱 MP[-2]
You lost 2 mp, and now have 3/16 mp.
Casting: Scorch (safe; 1% risk of failure)
Confirm with . or Enter, or press ? or * to list all spells.
Flames lash the gnoll but do no damage.
The gnoll barely misses you.
The gnoll is no longer more vulnerable to fire.
The gnoll hits you from afar with a +0 spear.
* * * LOW HITPOINT WARNING * * *
😱 HP[-4] MP[-2]
You take 4 damage, and now have 3/63 hp.
You lost 2 mp, and now have 1/16 mp.
Unknown command.
Casting: Scorch (safe; 1% risk of failure)
Confirm with . or Enter, or press ? or * to list all spells.
You don't have enough magic to cast this spell.
Casting: Scorch (safe; 1% risk of failure)
Confirm with . or Enter, or press ? or * to list all spells.
You conjure some foxfire!
The gnoll hits you from afar with a +0 spear.
* * * LOW HITPOINT WARNING * * *
The foxfire hits the gnoll but does no damage.
The foxfire hits the gnoll.
The gnoll throws a stone.
The stone hits you.
You die...

Skill      XL: |  1  2  3  4  5  6  7  8 |
---------------+-------------------------+-----
Conjurations   | 1 2 3 4 5 |  5.2
Fire Magic     | 3 4 5 |  5.8
Dodging        | 2 3 4 |  4.0
Spellcasting   | 2 3 |  3.7
Fighting       | 1 2 3 |  3.4
Stealth        | |  1.7

Action                   |  1- 3 |  4- 6 |  7- 9 || total
-------------------------+-------+-------+-------++-------
Melee: Unarmed           |    22 |       |       ||    22
       Short sword       |       |       |     2 ||     2
 Cast: Foxfire           |    85 |    86 |    62 ||   233
       Scorch            |    10 |    18 |    25 ||    53
       Inner Flame       |       |       |     1 ||     1
  Use: Scroll            |     4 |     9 |     2 ||    15
       Potion            |       |       |     1 ||     1
Armor: Robe              |     7 |    13 |     7 ||    27
       Skin              |       |       |    42 ||    42
Dodge: Dodged            |    31 |    27 |    29 ||    87

Levels and vault maps discovered:
D:1:      heliophobic_arrival_enchanted_forest, layout_loops_ring,
          minmay_heptomino_l4
D:2:      layout_rooms, hellmonk_ecumenical_altar_leap_of_faith, basic_altar
D:3:      layout_rooms, portal_sewer_entry_d, roderic_batcave, hex_large
D:4:      layout_basic, uniq_grinder
D:5:      layout_gridville, elyvilon_altar_5, overflow_temple_1_default,
          minmay_fractal_squares_diagonal_5

Notes
Turn   | Place    | Note
-------+----------+-------------------------------------------
     0 | D:1      | kae the Demigod Fire Elementalist began the quest for the
                  | Orb.
     0 | D:1      | Reached XP level 1. HP: 14/14 MP: 5/5
     0 | D:1      | magus.rc [v1.11.3]
    55 | D:1      | Reached skill level 1 in Conjurations
   256 | D:1      | Reached XP level 2. HP: 20/20 MP: 1/7
   293 | D:1      | You pick up a book of Dangerous Friends and begin
                  | reading...
   293 | D:1      | You add the spells Summon Guardian Golem, Orb of
                  | Destruction and Spellforged Servitor to your library.
   374 | D:1      | Reached skill level 3 in Fire Magic
   386 | D:1      | Reached skill level 2 in Dodging
   550 | D:1      | Learned a level 2 spell: Scorch
   815 | D:1      | HP: 5/22 [giant cockroach (1)]
  1175 | D:2      | Reached skill level 2 in Spellcasting
  1175 | D:2      | Reached XP level 3. HP: 27/27 MP: 5/8
  1614 | D:2      | Identified the +1 pair of boots of Kikubaaqudgha's Anger
                  | {Contam rPois rCorr}
  1774 | D:2      | Reached skill level 2 in Conjurations
  1853 | D:2      | Reached skill level 1 in Fighting
  2072 | D:2      | Reached XP level 4. HP: 35/35 MP: 5/9
  2187 | D:3      | Reached XP level 5. HP: 39/40 MP: 5/11
  2388 | D:3      | Found a glowing drain.
  2403 | Sewer    | Entered a sewer
  2936 | Sewer    | Reached skill level 3 in Conjurations
  2936 | Sewer    | Reached skill level 4 in Fire Magic
  2936 | Sewer    | Reached XP level 6. HP: 29/48 MP: 10/12
  2941 | Sewer    | Reached skill level 2 in Fighting
  3560 | D:3      | You pick up a book of Conjurations and begin reading...
  3560 | D:3      | You add the spells Magic Dart, Searing Ray and Fulminant
                  | Prism to your library.
  3643 | D:4      | Reached skill level 3 in Dodging
  3648 | D:4      | Learned a level 3 spell: Conjure Flame
  3652 | D:4      | Learned a level 3 spell: Inner Flame
  3953 | D:4      | Reached skill level 3 in Spellcasting
  3953 | D:4      | Reached XP level 7. HP: 56/56 MP: 9/14
  4303 | D:4      | Noticed Grinder
  4438 | D:4      | Reached skill level 4 in Conjurations
  4459 | D:4      | Killed Grinder
  4460 | D:4      | Reached skill level 5 in Fire Magic
  4821 | D:5      | Entered Level 5 of the Dungeon
  5090 | D:5      | Reached skill level 3 in Fighting
  5197 | D:5      | Reached XP level 8. HP: 57/63 MP: 10/16
  5361 | D:5      | Reached skill level 5 in Conjurations
  5371 | D:5      | Reached skill level 4 in Dodging
  5529 | D:5      | HP: 15/63 [gnoll/+0 spear[a gnoll bouda] (3)]
  5531 | D:5      | HP: 6/63 [gnoll/+0 spear[a gnoll bouda] (3)]
  5536 | D:5      | HP: 3/63 [gnoll/+0 spear[a gnoll bouda] (4)]
  5538 | D:5      | Hit by a stone thrown by a gnoll

Vanquished Creatures
  Grinder (D:4)
  A water moccasin (D:5)
  A black bear (D:5)
  A centaur (D:5)
  2 phantoms
  2 kobold brigands (Sewer)
  3 scorpions
  3 vampire bats (D:3)
  2 jellies
  An orc priest (D:4)
  A gnoll bouda (D:5)
  An orc wizard (D:3)
  3 iguanas
  9 adders
  2 gnolls (D:5)
  3 river rats (Sewer)
  An ufetubus (D:5)
  5 worms
  2 dart slugs
  7 orcs
  8 ball pythons
  9 endoplasms
  2 giant cockroaches
  5 goblins
  14 hobgoblins
  4 jackals (D:4)
  6 quokkas
  11 bats
  2 frilled lizards (D:2)
  7 kobolds
  13 rats
132 creatures vanquished.

Vanquished Creatures (others)
  402 foxfires
402 creatures vanquished.

Grand Total: 534 creatures vanquished

Table legend:
 A = Non-vault XP
 B = Vault XP
 C = Vault XP percentage of total XP
 D = Non-vault monster count
 E = Vault monster count
 F = Vault count percentage of total count
                 A         B        C        D         E       F
            +---------+---------+-------+---------+---------+-------
      Total |    1076 |    1081 |  50.1 |      96 |      36 |  27.3
            +---------+---------+-------+---------+---------+-------
        D:1 |      40 |       3 |   7.0 |      24 |       2 |   7.7
        D:2 |      76 |       0 |   0.0 |      25 |       0 |   0.0
        D:3 |      65 |     190 |  74.5 |      15 |      11 |  42.3
        D:4 |     334 |     262 |  44.0 |      21 |       1 |   4.5
        D:5 |     561 |     326 |  36.8 |      11 |       6 |  35.3
      Sewer |       0 |     300 | 100.0 |       0 |      16 | 100.0
            +---------+---------+-------+---------+---------+-------

Illustrated notes

Table legend:
 A = Kills in this place as a percentage of kills in entire the game.
 B = Kills by you in this place as a percentage of kills by you in the entire game.
 C = Kills by friends in this place as a percentage of kills by friends in the entire game.
 D = Other kills in this place as a percentage of other kills in the entire game.
 E = Experience gained in this place as a percentage of experience gained in the entire game.
 F = Experience gained in this place divided by the number of levels of this place that you have seen.
                   A       B       C       D       E      F
               +-------+-------+-------+-------+-------+----------------------
         Total | 100.0 | 100.0 |   N/A |   N/A | 100.0 | 359.5
       Dungeon |  87.9 |  87.9 |   N/A |   N/A |  86.1 | 371.4
         Sewer |  12.1 |  12.1 |   N/A |   N/A |  13.9 | 300.0
               +-------+-------+-------+-------+-------+----------------------

Table legend: (Time is in decaauts)
 A = Elapsed time spent in this place.
 B = Non-inter-level travel time spent in this place.
 C = Inter-level travel time spent in this place.
 D = Time resting spent in this place.
 E = Time spent auto-exploring this place.
 F = Levels seen in this place.
 G = Mean time per level.
                   A        B        C        D        E       F      G
               +--------+--------+--------+--------+--------+-----+--------+
         Total |   5615 |   5473 |    142 |    169 |   4378 |   6 |  935.8 |
       Dungeon |   4838 |   4696 |    142 |     70 |   3834 |   5 |  967.6 |
         Sewer |    777 |    777 |      0 |     99 |    544 |   1 |  777.0 |
               +--------+--------+--------+--------+--------+-----+--------+

Top non-repeatable levels by time:
     D:1: 1245 daAuts
     D:4: 1157 daAuts
     D:2: 885 daAuts
     D:3: 834 daAuts
   Sewer: 777 daAuts
     D:5: 717 daAuts
